 Dungeon Crawl Stone Soup version 0.22-a0-803-gd6d8abeff0 (webtiles) character file.

215529 Htamos the Tortoise (level 19, -3/112 HPs)
             Began as a Vine Stalker Fighter on July 22, 2018.
             Was an Initiate of Gozag.
             Slain by Mara (illusionary)
             ... wielding a +4 demon trident of pain
              (10 damage)
             ... on level 3 of the Spider Nest.
             The game lasted 02:19:24 (35939 turns).

Htamos the Tortoise (Vine Stalker Fighter)         Turns: 35939, Time: 02:19:25

Health: -3/112     AC: 44    Str: 26    XL:     19   Next: 2%
Magic:  0/20       EV: 12    Int:  8    God:    Gozag
Gold:   1689       SH: 18    Dex: 20    Spells: 18/18 levels left

rFire    . . .     SeeInvis .   b - +5 trident (venom)
rCold    . . .     Gourm    .   n - +0 large shield
rNeg     . . .     Faith    .   N - +15 Maxwell's patent armour {-Cast -Tele rElec MR+ rCorr}
rPois    +         Spirit   +   c - +1 helmet
rElec    +         Reflect  .   e - +1 cloak
rCorr    +         Harm     .   (no gloves)
MR       ++++.     NoTele   +   S - +2 pair of boots Stlth ..........NoCast +
                                s - amulet of regeneration
HPRegen  1.48/turn              v - ring of poison resistance
MPRegen  0.17/turn              m - +5 ring of strength

@: lethally poisoned (-3 -> -3), studying Armour
A: fangs 3, icy blue scales 1, magic resistance 1, regeneration 2, magic shield,
antimagic bite, no potion heal 3, rot immunity, MP-powered wands
}: 1/15 runes: decaying
a: Potion Petition, Call Merchant, Bribe Branch, Renounce Religion


You were on level 3 of the Spider Nest.
You worshipped Gozag.
Gozag was most pleased with you.
You were very hungry.

You visited 8 branches of the dungeon, and saw 33 of its levels.
You also visited: Ossuary.

You collected 11081 gold pieces.
You spent 5922 gold pieces at shops.
You paid 3470 gold pieces to Gozag.

Inventory:

Hand Weapons
 a - the +3 dagger of Ash {freeze, +Blink rC+ SInv}
   (You bought it in a shop on level 10 of the Dungeon)

   It has been specially enchanted to freeze those struck by it, causing extra
   injury to most foes and up to half again as much damage against particularly
   susceptible opponents.
   It can also slow down cold-blooded creatures.
   It protects you from cold.
   It lets you see invisible.
   It lets you blink.
 b - a +5 trident of venom (weapon)
 C - the +7 double sword "Vuttaor" {slice, *Slow rC+ Str+7}
   (You bought it in a shop on level 10 of the Dungeon)

   It inflicts extra damage upon your enemies.
   It affects your strength (+7).
   It protects you from cold.
   It may slow you when you take damage.
 E - the +3 dagger "Opeloek" {pierce, +Blink rPois MP+9 Str-4 Int+4}
   (You found it on level 5 of the Dungeon)

   It inflicts extra damage upon your enemies.
   It affects your strength (-4).
   It affects your intelligence (+4).
   It protects you from poison.
   It affects your magic capacity (+9).
   It lets you blink.
 M - a +2 scimitar of flaming
 T - the +10 spear "Qilacw" {distort, Int+8}
   (You bought it in a shop on level 2 of the Orcish Mines)

   It warps and distorts space around it.
   Unwielding it can cause banishment or high damage.
   It affects your intelligence (+8).
Armour
 c - a +1 helmet (worn)
 e - a +1 cloak (worn)
 n - a +0 large shield (worn)
 N - the +15 Maxwell's patent armour (worn) {-Cast -Tele rElec MR+ rCorr}
   (You bought it in a shop on level 6 of the Dungeon)

   It insulates you from electricity.
   It affects your resistance to hostile enchantments.
   It prevents spellcasting.
   It prevents most forms of teleportation.
   It provides partial protection from all sources of acid and corrosion.
 S - a +2 pair of boots (worn)
Jewellery
 i - an uncursed ring of positive energy
 k - an uncursed ring of protection from magic
 m - a +5 ring of strength (right hand)
 s - an amulet of regeneration (around neck)
 v - a ring of poison resistance (left hand)
 G - an uncursed ring of ice
 O - an uncursed ring of magical power
 V - an uncursed ring of protection from fire
Wands
 q - a wand of paralysis (35)
 u - a wand of iceblast (17)
 y - a wand of enslavement (33)
 F - a wand of disintegration (10)
 R - a wand of flame (33)
Scrolls
 o - 15 scrolls of remove curse
 p - 7 scrolls of identify
 r - 5 scrolls of blinking
 t - 2 scrolls of holy word
 w - 20 scrolls of teleportation
 z - 2 scrolls of enchant weapon
 B - 3 scrolls of immolation
 J - 5 scrolls of magic mapping
 X - a scroll of fog
 Y - 2 scrolls of fear
Potions
 d - 9 potions of mutation
 g - 2 potions of magic
 h - 2 potions of resistance
 j - 5 potions of haste
 l - 8 potions of heal wounds
 x - 10 potions of curing
 D - 3 potions of lignification
 H - 8 potions of brilliance
 I - a potion of invisibility
 K - a potion of might
 L - 3 potions of agility
 P - a potion of ambrosia {unknown}
 Q - 5 potions of cancellation
 U - 2 potions of flight
Books
 W - a manual of Armour
Miscellaneous
 Z - a lightning rod (1/4)
Comestibles
 f - 27 rations


   Skills:
 * Level 17.5 Fighting
 + Level 9.2 Polearms
 + Level 17.7 Armour
 + Level 10.0 Dodging
 * Level 9.0 Shields


You had 18 spell levels left.
You didn't know any spells.
Your spell library contained the following spells:

 Spells                   Type           Power        Failure   Level  Hunger
 Cause Fear               Hex            #.........   100%        4    #####..
 Magic Dart               Conj           #...         100%        1    ##.....
 Fireball                 Conj/Fire      #.........   100%        5    ######.
 Apportation              Tloc           #.....       100%        1    ##.....
 Conjure Flame            Conj/Fire      #.......     100%        3    ####...
 Lightning Bolt           Conj/Air       #.........   100%        5    ######.
 Slow                     Hex            #.......     100%        2    ###....
 Confuse                  Hex            #.......     100%        3    ####...
 Invisibility             Hex            #.......     100%        6    #######
 Throw Flame              Conj/Fire      #.....       100%        2    ###....
 Throw Frost              Conj/Ice       #.....       100%        2    ###....
 Mephitic Cloud           Conj/Pois/Air  #.......     100%        3    ####...
 Venom Bolt               Conj/Pois      #.........   100%        5    ######.
 Olgreb's Toxic Radiance  Pois           #.......     100%        4    #####..
 Summon Small Mammal      Summ           #...         100%        1    ##.....
 Blink                    Tloc           N/A          100%        2    ###....
 Iskenderun's Mystic Bla  Conj           #.......     100%        4    #####..
 Animate Skeleton         Necr           N/A          100%        1    ##.....
 Freeze                   Ice            #...         100%        1    ##.....
 Sticky Flame             Conj/Fire      #.......     100%        4    #####..
 Summon Ice Beast         Ice/Summ       #.......     100%        4    #####..
 Ozocubu's Armour         Chrm/Ice       #.......     100%        3    ####...
 Call Imp                 Summ           #.......     100%        2    ###....
 Regeneration             Chrm/Necr      #.........   100%        3    ####...
 Sting                    Conj/Pois      #...         100%        1    ##.....
 Tukima's Dance           Hex            #.......     100%        3    ####...
 Shock                    Conj/Air       #...         100%        1    ##.....
 Swiftness                Chrm/Air       #.......     100%        2    ###....
 Throw Icicle             Conj/Ice       #.......     100%        4    #####..
 Airstrike                Air            #.........   100%        4    #####..
 Confusing Touch          Hex            #.....       100%        1    ##.....
 Flame Tongue             Conj/Fire      #....        100%        1    ##.....
 Call Canine Familiar     Summ           #.......     100%        3    ####...
 Ensorcelled Hibernation  Hex/Ice        #.....       100%        2    ###....
 Summon Butterflies       Summ           #.......     100%        1    ##.....
 Shatter                  Erth           #.........   100%        9    #######
 Static Discharge         Conj/Air       #.......     100%        3    ####...
 Corona                   Hex            #......      100%        1    ##.....
 Alistair's Intoxication  Tmut/Pois      #.......     100%        5    ######.
 Portal Projectile        Hex/Tloc       #.....       100%        3    ####...
 Tornado                  Air            #.........   100%        9    #######
 Leda's Liquefaction      Hex/Erth       #.........   100%        4    #####..
 Shroud of Golubria       Chrm/Tloc      #.........   100%        2    ###....
 Inner Flame              Hex/Fire       #.......     100%        3    ####...
 Fulminant Prism          Conj/Hex       #.........   100%        4    #####..
 Dazzling Spray           Conj/Hex       #.....       100%        3    ####...
 Force Lance              Conj/Tloc      #.......     100%        4    #####..
 Infusion                 Chrm           #...         100%        1    ##.....
 Song of Slaying          Chrm           #.......     100%        2    ###....
 Spectral Weapon          Hex/Chrm       #.......     100%        3    ####...
 Searing Ray              Conj           #.....       100%        2    ###....
 Summon Lightning Spire   Summ/Air       #.......     100%        4    #####..
 Summon Guardian Golem    Hex/Summ       #.......     100%        3    ####...
 Lesser Beckoning         Tloc           #.........   100%        3    ####...
 Poisonous Vapours        Pois/Air       #.....       100%        2    ###....
 Ignition                 Fire           #.........   100%        8    #######


Dungeon Overview and Level Annotations

Branches:
Dungeon (15/15)            Temple (1/1) D:6            Lair (6/6) D:10
  Swamp (4/4) Lair:4       Spider (3/4) Lair:4        Slime (0/5) Lair:6
    Orc (2/2) D:11            Elf (1/3) Orc:2        Vaults (0/5) D:13
 Depths (1/5) D:15

Altars:
Ashenzari
Cheibriados
Dithmenos
Elyvilon
Fedhas
Gozag
Hepliaklqana
Kikubaaqudgha
Makhleb
Nemelex Xobeh
Okawaru
Qazlal
Ru
Sif Muna
Trog
Uskayaw
Vehumet
Wu Jian
Xom
Yredelemnul
Zin
The Shining One
Lugonu

Shops:
D:6 [   D:9 %   D:10 ((*:   D:12 }**   D:13 !   Orc:2 }*??

Annotations:
Lair:1 exclusion: 2 oklob plants
Spider:2 2 runed doors, Ischutep's ghost, adept MiBe
Spider:3 Mara


Innate Abilities, Weirdness & Mutations

You have razor-sharp teeth.
You heal very quickly.
When hurt, damage is shared between your health and your magic reserves.
Your bite disrupts and absorbs the magic of your enemies.
Potions cannot restore your health.
You are immune to rotting.
You are partially covered in icy blue scales. (AC +2)
You are resistant to hostile enchantments. (MR+)
You expend magic power (3 MP) to strengthen your wands.


Message History

Mara is severely wounded.
Mara hits you with a demon trident of pain!
* * * LOW HITPOINT WARNING * * *
You writhe in agony.
* * * LOW MAGIC WARNING * * *;
* * * LOW HITPOINT WARNING * * *
Htamos's illusion hits you but does no damage.
You are poisoned.
Mara hits you but does no damage.
You writhe in agony.
* * * LOW MAGIC WARNING * * *;
* * * LOW HITPOINT WARNING * * *
You feel sick. Mara gestures at you. The bolt of fire hits you!
* * * LOW MAGIC WARNING * * *;
* * * LOW HITPOINT WARNING * * *
You feel sick.
Mara blinks! x2
Mara hits you with a demon trident of pain!
* * * LOW MAGIC WARNING * * *;
* * * LOW HITPOINT WARNING * * *
You writhe in agony.
* * * LOW MAGIC WARNING * * *
You die...
Your body crumbles into a pile of gold.

#...##........##..#..#.^#.^....#
##.^...........#..#...#....#.....
........####..##..#..##...^#@..#.
.^.^....#....#....#...^...^#...##
......#....#......#..###..^#R....
#.##...##..^...#..^....^..#....^.
#....###........#.###....#.....#.
##>.##)..#....#^........####.#..#
####....#....#R@###§......#.....
#..........#.#...@.R..#..^#.....
###......#..###...##§..#..>#^.##.
......#.##....#...#..###...#.....
...#|.###..#.####^...^.#...#.^###
##.#...###^###.^#.##.....#.#.....
###...######.........######.....
#####..^.##.........####^.....
#..........#.#.##.#....###


You could see 2 Maras and Htamos's illusion.

Vanquished Creatures
  Nikola (Swamp:1)
  Arachne (Spider:1)
  A Tzitzimitl (Swamp:4)
  Rupert (D:14)
  3 thorn hunters
  Frances (D:12)
  Agnes (D:15)
  Kirke (Swamp:1)
  A fire giant (D:15)
  Louise (D:14)
  An orc warlord (D:11)
  A ghost moth (Spider:1)
  A juggernaut zombie (D:15)
  An emperor scorpion (Spider:2)
  A very ugly thing (Swamp:3)
  2 entropy weavers (Spider:1)
  2 stone giants
  Nessos (D:13)
  Snorg (D:14)
  The ghost of Xupack the Cleaver, a journeyman FoFi of Hepliaklqana (Lair:4)
  The ghost of Poygae the Thaumaturge, a journeyman OpWz of Vehumet (Lair:4)
  2 spark wasps (Spider:2)
  2 merfolk javelineers (Depths:1)
  An ettin (D:15)
  3 fire dragons
  Josephine (Orc:1)
  4 great orbs of eyes (Depths:1)
  An ice dragon (Depths:1)
  2 yaktaur captains (Depths:1)
  Harold (Lair:3)
  19 hydras
  Erolcha (Orc:2)
  7 centaur warriors
  8 vault guards (D:13)
  A catoblepas (Lair:5)
  Erica (D:8)
  6 ghost crabs
  16 alligators
  7 two-headed ogres
  A deep troll earth mage (Depths:1)
  2 vampire magi (D:15)
  3 death yaks (Lair:6)
  3 orc high priests
  A queen ant (Spider:1)
  Urug (D:15)
  Sonja (Lair:3)
  2 tengu warriors
  Nergalle (D:10)
  A titan skeleton (D:15)
  5 skeletal warriors
  A fire crab (Swamp:4)
  An unseen horror (D:14)
  3 spriggan druids
  2 wizards (D:14)
  A lindwurm (Swamp:4)
  8 swamp dragons
  6 shambling mangroves
  5 orc knights
  A golden dragon skeleton (D:15)
  A necromancer (D:15)
  12 orb spiders
  11 deep elf magi
  20 wolf spiders
  7 cyclopes
  14 ugly things
  A salamander (Depths:1)
  5 orc sorcerers (Orc:2)
  3 moths of wrath
  A manticore (D:13)
  5 elephants (Lair:6)
  2 centaur zombies
  4 black mambas
  Psyche (D:10)
  Joseph (D:9)
  3 centaur skeletons
  27 spiny frogs
  A spiny frog (shapeshifter) (D:13)
  10 demonic crawlers
  A redback zombie (D:13)
  5 komodo dragons
  7 yaktaurs
  2 hellwings (Depths:1)
  2 efreet (D:14)
  A freezing wraith (D:15)
  3 rime drakes
  3 trolls
  18 jumping spiders
  A polar bear (Lair:6)
  18 hornets
  4 dream sheep (Lair:3)
  23 blink frogs
  2 bog bodies
  12 slime creatures
  15 tyrant leeches
  7 hippogriffs
  A spriggan zombie (D:15)
  A spriggan (shapeshifter) (Depths:1)
  A vampire (D:13)
  38 redbacks
  4 spriggans
  13 water elementals
  3 shadows
  2 wyverns
  18 tarantellas
  4 wraiths
  4 basilisks
  24 yaks
  The ghost of grizmgrazm2 the Scratcher, an amateur FeTm of Dithmenos (D:4)
  2 fire bats (Depths:1)
  3 hogs (Swamp:1)
  Grum (D:10)
  12 vampire mosquitoes
  A hungry ghost (D:11)
  4 insubstantial wisps (Swamp:2)
  3 wargs
  3 soldier ants
  13 swamp worms
  An acid dragon (D:15)
  7 porcupines
  7 water moccasins
  20 orc warriors
  18 swamp drakes
  5 sky beasts
  7 ice beasts
  13 ogres
  A black bear (D:9)
  2 necrophages
  2 phantoms
  19 wolves
  25 centaurs
  6 crocodiles
  A big kobold (D:12)
  2 elf zombies (Ossuary)
  27 bullfrogs
  2 scorpions
  10 killer bees
  4 wights (D:14)
  10 electric eels
  2 howler monkeys (D:12)
  4 crimson imps
  4 bullfrog zombies
  A quasit (D:9)
  A human zombie (Ossuary)
  A bullfrog skeleton (D:6)
  5 hounds
  6 jellies
  A gnoll shaman (D:10)
  12 orc priests
  17 orc wizards
  7 iguanas
  Natasha (D:4)
  12 worker ants
  3 big kobold zombies (Ossuary)
  4 mummies (Ossuary)
  A hound zombie (Ossuary)
  A worker ant zombie (D:10)
  6 gnolls
  18 adders
  A shadow imp (D:6)
  5 oozes (D:11)
  An adder zombie (Ossuary)
  3 adder skeletons
  5 dart slugs
  7 leopard geckos
  52 orcs
  A ball python (D:3)
  12 giant cockroaches
  2 gnoll zombies (Ossuary)
  8 goblins
  7 hobgoblins
  15 jackals
  3 quokkas
  9 bats
  3 frilled lizards (D:1)
  A jackal skeleton (D:4)
  16 kobolds
  A kobold zombie (Ossuary)
  4 leopard gecko skeletons
  A quokka skeleton (D:4)
  3 rats
  A rat zombie (Ossuary)
  2 briar patches
  A fire vortex (Swamp:4)
  A fungus (Lair:3)
1027 creatures vanquished.

Vanquished Creatures (collateral kills)
  A hungry ghost (D:14)
  A hound (D:14)
2 creatures vanquished.

Vanquished Creatures (others)
  A fire giant (D:15)
  2 hydras (Swamp:4)
  A spriggan druid (Swamp:4)
  A lindwurm (Swamp:4)
  A hornet (Swamp:4)
  A hippogriff (Lair:1)
  2 spriggans (Swamp:4)
  A yak (Lair:6)
  A tarantella (Spider:2)
  4 steam dragons (Swamp:4)
  2 swamp worms
  4 insubstantial wisps (Swamp:3)
  An orc warrior (Orc:2)
  3 swamp drakes (Swamp:4)
  An orc wizard (Orc:1)
  5 orcs
  9 fungi
  33 plants
  4 withered plants
77 creatures vanquished.

Grand Total: 1106 creatures vanquished

Notes
Turn   | Place    | Note
-------+----------+-------------------------------------------
     0 | D:1      | Htamos the Vine Stalker Fighter began the quest for the Orb.
     0 | D:1      | Reached XP level 1. HP: 11/11 MP: 2/2
    35 | D:1      | Reached XP level 2. HP: 11/16 MP: 1/3
   444 | D:1      | Reached XP level 3. HP: 20/20 MP: 4/4
  1258 | D:2      | Gained mutation: Your natural rate of healing is unusually fast. [Vine Stalker growth]
  1258 | D:2      | Reached XP level 4. HP: 24/24 MP: 5/5
  1556 | D:2      | Found a hide-covered altar of Uskayaw.
  1596 | D:2      | Noticed a hand axe
  1596 | D:2      | Noticed a dagger
  1665 | D:2      | Reached XP level 5. HP: 28/29 MP: 6/6
  2692 | D:3      | Reached XP level 6. HP: 32/34 MP: 7/7
  2948 | D:4      | Noticed a phantom
  3064 | D:4      | Killed a phantom
  3064 | D:4      | Reached skill level 5 in Fighting
  3064 | D:4      | Reached XP level 7. HP: 38/39 MP: 8/8
  3075 | D:4      | Found a runed gate.
  3076 | D:4      | Found a runed gate.
  3081 | D:4      | Found a runed gate.
  3727 | D:4      | Noticed Natasha
  3735 | D:4      | Killed Natasha
  3819 | D:4      | Noticed grizmgrazm2's ghost (amateur FeTm)
  4012 | D:4      | Killed grizmgrazm2's ghost
  4052 | D:5      | Entered Level 5 of the Dungeon
  4123 | D:5      | Found a sand-covered staircase.
  4354 | Ossuary  | Entered an ossuary
  4463 | Ossuary  | Gained mutation: You have razor-sharp teeth. [Vine Stalker growth]
  4463 | Ossuary  | Reached XP level 8. HP: 41/44 MP: 7/9
  4834 | D:5      | Got a bloodstained buckler
  4835 | D:5      | Identified the +2 buckler of the Present {*Corrode rN++ Str+9 Stlth-} (You found it on level 5 of the Dungeon)
  5074 | D:5      | Got a smoking dagger
  5075 | D:5      | Identified the +3 dagger "Opeloek" {pierce, +Blink rPois MP+9 Str-4 Int+4} (You found it on level 5 of the Dungeon)
  5302 | D:5      | Reached skill level 5 in Polearms
  5693 | D:6      | Reached skill level 5 in Armour
  5699 | D:6      | Found Cykiat's Armour Shop.
  5779 | D:5      | Reached XP level 9. HP: 51/51 MP: 10/10
  6039 | D:6      | You fall through a shaft for 3 floors!
  6140 | D:9      | Found Kenexzewn's Food Shop.
  6187 | D:9      | Noticed Joseph
  6202 | D:9      | Killed Joseph
  6627 | D:8      | Noticed Erica
  6639 | D:8      | Killed Erica
  6639 | D:8      | Reached XP level 10. HP: 50/58 MP: 11/11
  6865 | D:8      | Found an ancient bone altar of Kikubaaqudgha.
  7446 | D:7      | Reached skill level 10 in Fighting
  8163 | D:6      | Found a staircase to the Ecumenical Temple.
  8172 | Temple   | Entered the Ecumenical Temple
  8347 | Temple   | Became a worshipper of Gozag Ym Sagoz the Greedy
  8481 | D:10     | Entered Level 10 of the Dungeon
  8488 | D:10     | Found a staircase to the Lair.
  8572 | D:10     | Noticed Grum
  8606 | D:10     | Killed Grum
  8645 | D:10     | Noticed Nergalle
  8662 | D:10     | Killed Nergalle
  8911 | D:10     | Noticed Psyche
  8926 | D:10     | Paralysed by Psyche for 4 turns
  8931 | D:10     | Killed Psyche
  9329 | D:11     | Found a staircase to the Orcish Mines.
  9338 | D:11     | Noticed a cyclops
  9356 | D:11     | Killed a cyclops
  9356 | D:11     | Reached XP level 11. HP: 22/64 MP: 12/12
  9445 | D:11     | Noticed a cyclops
  9461 | D:11     | Killed a cyclops
  9611 | D:11     | Noticed a cyclops
  9623 | D:11     | Killed a cyclops
 10133 | D:11     | Found a glowing silver altar of Zin.
 10133 | D:11     | Noticed a deep elf mage
 10133 | D:11     | Noticed a deep elf mage
 10139 | D:11     | Noticed a sun demon
 10143 | D:11     | Killed a deep elf mage
 10149 | D:11     | Killed a deep elf mage
 10259 | D:12     | Noticed a purple ugly thing
 10319 | Lair:1   | Entered Level 1 of the Lair of Beasts
 10602 | Lair:1   | Reached skill level 10 in Armour
 10958 | Lair:1   | Paralysed by fainting for 7 turns
 11155 | Lair:1   | Noticed an oklob plant
 11155 | Lair:1   | Noticed an oklob plant
 11861 | Lair:2   | Gained mutation: You heal very quickly. [Vine Stalker growth]
 11861 | Lair:2   | Reached XP level 12. HP: 63/70 MP: 13/13
 12570 | Lair:3   | Gained mutation: Your spells are a little easier to cast, but a little less powerful. [potion of mutation]
 12570 | Lair:3   | Gained mutation: You are clumsy. (Dex -2) [potion of mutation]
 12570 | Lair:3   | Gained mutation: You are partially covered in thin metallic scales. (AC +2) [potion of mutation]
 12571 | Lair:3   | Lost mutation: You are clumsy. (Dex -2) [potion of mutation]
 12571 | Lair:3   | Lost mutation: Your spells are a little easier to cast, but a little less powerful. [potion of mutation]
 12571 | Lair:3   | Lost mutation: You are partially covered in thin metallic scales. (AC +2) [potion of mutation]
 12571 | Lair:3   | Gained mutation: You can translocate small distances at will. [potion of mutation]
 13054 | Lair:3   | Noticed Sonja
 13057 | Lair:3   | Noticed Harold
 13319 | Lair:3   | Killed Harold
 14448 | Lair:3   | Killed Sonja
 15149 | Lair:4   | Found a runed gate.
 15149 | Lair:4   | Found a runed gate.
 15151 | Lair:4   | Found a runed gate.
 15152 | Lair:4   | Noticed Poygae's ghost (journeyman OpWz)
 15152 | Lair:4   | Noticed Xupack's ghost (journeyman FoFi)
 15467 | D:6      | Bought the +15 Maxwell's patent armour {-Cast -Tele rElec MR+ rCorr} for 1611 gold pieces
 15467 | D:6      | Found the +15 Maxwell's patent armour {-Cast -Tele rElec MR+ rCorr}
 15756 | Lair:4   | Identified a scroll of acquirement
 15757 | Lair:4   | Got a translucent hunting sling
 15758 | Lair:4   | Identified the +3 hunting sling "Arhyptest" {speed, +Inv} (You acquired it on level 4 of the Lair of Beasts)
 16039 | Lair:4   | Found a staircase to the Swamp.
 16254 | Lair:4   | Found a hole to the Spider Nest.
 16753 | Lair:5   | Noticed a seven-headed hydra
 16767 | Lair:5   | Killed a five-headed hydra
 16869 | Lair:5   | Reached XP level 13. HP: 69/76 MP: 14/14
 16958 | Lair:5   | You fall through a shaft!
 16958 | Lair:6   | Entered Level 6 of the Lair of Beasts
 17347 | Lair:6   | Reached skill level 1 in Dodging
 17603 | Lair:6   | Reached XP level 14. HP: 72/82 MP: 15/15
 17660 | Lair:6   | Found a staircase to the Slime Pits.
 18712 | Lair:4   | Killed Xupack's ghost
 18758 | Lair:4   | Killed Poygae's ghost
 19301 | D:12     | Found Ceenwoq's Assorted Antiques.
 19461 | D:12     | Found Uten's General Store.
 19469 | D:12     | Bought a ration for 85 gold pieces
 19469 | D:12     | Bought a ration for 85 gold pieces
 19471 | D:12     | Found Gucuz's Gadget Shoppe.
 19479 | D:12     | Bought a wand of paralysis (21) for 299 gold pieces
 19620 | D:12     | Noticed Frances
 19636 | D:12     | Killed Frances
 19831 | D:13     | Noticed Nessos
 19931 | D:13     | Killed Nessos
 20230 | D:13     | Found Sytilyop's Distillery.
 20241 | D:13     | Found a gate to the Vaults.
 20325 | D:13     | Reached skill level 15 in Armour
 20336 | D:13     | Reached skill level 5 in Dodging
 20350 | D:13     | Reached XP level 15. HP: 87/88 MP: 16/16
 20386 | D:13     | Bought a potion of resistance for 160 gold pieces
 20386 | D:13     | Bought a potion of cancellation for 128 gold pieces
 20386 | D:13     | Bought a potion of agility for 64 gold pieces
 20669 | D:14     | Noticed Louise
 20678 | D:14     | Killed Louise
 20879 | D:14     | Noticed Rupert
 20889 | D:14     | Killed Rupert
 21142 | D:14     | Found a shimmering altar of Xom.
 21795 | D:14     | Noticed Snorg
 21812 | D:14     | Killed Snorg
 21841 | D:15     | Entered Level 15 of the Dungeon
 21841 | D:15     | Noticed Agnes
 21865 | D:15     | Killed Agnes
 22104 | D:15     | Noticed Urug
 22129 | D:15     | Killed Urug
 22245 | D:15     | Found a deep blue altar of Sif Muna.
 22437 | D:15     | Found a staircase to the Depths.
 22641 | D:15     | Reached skill level 15 in Fighting
 22655 | D:15     | Reached XP level 16. HP: 95/95 MP: 17/17
 23014 | Orc:1    | Entered Level 1 of the Orcish Mines
 23291 | Orc:2    | Entered Level 2 of the Orcish Mines
 23291 | Orc:2    | Found a staircase to the Elven Halls.
 23494 | Orc:2    | Noticed Josephine
 23507 | Orc:2    | Noticed Erolcha
 23526 | Orc:1    | Killed Josephine
 23569 | Orc:2    | Killed Erolcha
 23836 | Orc:2    | Found Netzat's Assorted Antiques.
 23836 | Orc:2    | Found Masazywn's Gadget Shop.
 23837 | Orc:2    | Found Ucseg's Magic Scroll Emporium.
 23837 | Orc:2    | Found Geor's Antique Weapon Emporium.
 23850 | Orc:2    | Bought a scroll labeled FONGIS OSENAK for 29 gold pieces
 23850 | Orc:2    | Bought a scroll of identify for 58 gold pieces
 23850 | Orc:2    | Bought a bloodstained spear for 232 gold pieces
 23850 | Orc:2    | Identified the +10 spear "Qilacw" {distort, Int+8} (You bought it in a shop on level 2 of the Orcish Mines)
 23853 | Orc:2    | Bought a scroll of identify for 34 gold pieces
 23853 | Orc:2    | Bought a scroll of identify for 34 gold pieces
 23853 | Orc:2    | Bought a scroll of identify for 34 gold pieces
 23853 | Orc:2    | Bought a scroll of identify for 34 gold pieces
 23999 | Orc:2    | Found Lewoj's Magic Scroll Emporium.
 24007 | Orc:2    | Bought a scroll of identify for 22 gold pieces
 24007 | Orc:2    | Bought a scroll of identify for 22 gold pieces
 24007 | Orc:2    | Bought a scroll of magic mapping for 38 gold pieces
 24007 | Orc:2    | Bought a scroll of blinking for 82 gold pieces
 24007 | Orc:2    | Bought a scroll of identify for 22 gold pieces
 24007 | Orc:2    | Bought a scroll of blinking for 82 gold pieces
 24007 | Orc:2    | Bought a scroll of identify for 22 gold pieces
 24265 | Elf:1    | Entered Level 1 of the Elven Halls
 24666 | Depths:1 | Entered Level 1 of the Depths
 25169 | Depths:1 | Found the macabre finger necklace {rN+}
 25861 | Depths:1 | Found a corrupted altar of Lugonu.
 26100 | Depths:1 | Reached XP level 17. HP: 100/100 MP: 18/18
 26471 | Swamp:1  | Entered Level 1 of the Swamp
 26689 | Swamp:1  | Found a hazy altar of Hepliaklqana.
 26885 | Swamp:1  | Noticed Nikola
 26920 | Swamp:1  | Killed Nikola
 26933 | Swamp:1  | Reached skill level 5 in Shields
 27031 | Lair:4   | HP: 3/100 [poisoned by a swamp dragon (poison gas)]
 27633 | Swamp:1  | Noticed Kirke
 27666 | Swamp:1  | Killed Kirke
 28470 | Swamp:2  | Paralysed by a hornet for 1 turns
 29873 | Swamp:3  | Lost mutation: You can translocate small distances at will. [potion of mutation]
 29873 | Swamp:3  | Gained mutation: You expend magic power (3 MP) to strengthen your wands. [potion of mutation]
 29873 | Swamp:3  | Gained mutation: You are partially covered in icy blue scales. (AC +2) [potion of mutation]
 29873 | Swamp:3  | Gained mutation: You are resistant to hostile enchantments. (MR+) [potion of mutation]
 30576 | Swamp:4  | Entered Level 4 of the Swamp
 30788 | Swamp:4  | Reached XP level 18. HP: 68/107 MP: 16/19
 31581 | Swamp:4  | Noticed a Tzitzimitl
 31596 | Swamp:4  | Killed a Tzitzimitl
 31600 | Swamp:4  | Got a decaying rune of Zot
 32226 | D:10     | Bought a manual of Armour for 1545 gold pieces
 32232 | D:10     | Bought an iridescent double sword for 500 gold pieces
 32238 | D:10     | Identified the +7 double sword "Vuttaor" {slice, *Slow rC+ Str+7} (You bought it in a shop on level 10 of the Dungeon)
 32387 | Spider:1 | Entered Level 1 of the Spider Nest
 32910 | D:10     | Bought the +3 dagger of Ash {freeze, +Blink rC+ SInv} for 700 gold pieces
 34098 | Spider:2 | Noticed Arachne
 34134 | Spider:1 | Killed Arachne
 34529 | Spider:2 | Found a large runed door.
 34529 | Spider:2 | Found a large runed door.
 34530 | Spider:2 | Noticed Ischutep's ghost (adept MiBe)
 35039 | Spider:3 | Reached skill level 10 in Dodging
 35275 | Spider:3 | Noticed Mara
 35278 | Spider:3 | Noticed Htamos's illusion
 35425 | Spider:3 | Reached XP level 19. HP: 112/112 MP: 20/20
 35754 | Spider:3 | Found the +2 robe of Vines {NoPotionHeal Regen+7}
 35870 | Spider:3 | Noticed Htamos's illusion
 35939 | Spider:3 | Slain by Mara (illusionary)

Vault maps used:
D:1:      tarquinn_simple_flora_water_e, roderic_lattice_a, minmay_bisected
D:2:      dancing_weapons_uskayaw, first_ration, nrook_mini_backslash,
          hangedman_decor_lopped, serial_bayou_crossing
D:4:      ebering_ghost_rock_garden, uniq_natasha
D:5:      chequers_ossuary_entry_cave, minmay_misc_feat_chi, eino_tiny_chamber
D:6:      minmay_temple_entry_poolview, serial_shops,
          nicolae_shop_window_shopping
D:7:      small_statue_intersection
D:8:      basic_altar, uniq_erica
D:9:      serial_shops, shop, uniq_joseph
D:10:     lair_entry_dummy, uniq_nergalle, uniq_psyche, uniq_grum
D:11:     orc_0_dummy, hangedman_little_slice_of_home, serial_bayou_pond_d,
          david_defended_altar_elf
D:12:     serial_shops, nicolae_shop_behind_doors, nicolae_shop_statue_plus,
          nicolae_shop_waterfront, chequers_big_river, uniq_frances
D:13:     erik_vaults_2, serial_shops, shop, small_chamber_with_monster,
          uniq_nessos
D:14:     basic_altar, minmay_misc_feat_nine_boxes, st_stairs_6, uniq_louise,
          uniq_rupert, uniq_snorg
D:15:     gammafunk_depths_entry_grave, basic_altar, lab_entry_generic,
          minmay_misc_feat_more_columns, uniq_agnes, uniq_urug
Temple:   minmay_crystal_snake_temple
Lair:1:   lemuel_old_faithful, serial_bayou_shore_a, minmay_lair_oklob_chamber,
          grunt_megastairs_1, lemuel_fruit_tree
Lair:3:   grunt_megastairs_2, uniq_sonja, uniq_harold
Lair:4:   minmay_swamp_entry_worms, spider_nest_entry_webs,
          gammafunk_ghost_cemetery, st_stairs_6
Lair:5:   infiniplex_staircase_pool_2
Lair:6:   minmay_lair_end_frog_pond, slime_dummy, grunt_forest_small_clearings,
          st_stairs_6
Swamp:1:  nicolae_swamp_godswood, uniq_kirke, uniq_nikola
Swamp:2:  evilmike_swamp_ruin_house_2
Swamp:3:  evilmike_swamp_ruin_house_5
Swamp:4:  swamp_fiery
Spider:1: nicolae_spider_circle_web, nicolae_spider_ant_collections
Spider:2: ebering_ghost_disaster_area, spider_trap, uniq_arachne
Spider:3: nicolae_spider_webs_and_nodes, spider_trap, nicolae_crawler_farm,
          uniq_mara
Orc:2:    st_orc_elflike, serial_shops, shop, nicolae_orc_tapped_out,
          uniq_erolcha, uniq_josephine
Elf:1:    eino_elf_arrival_sip, serial_shops,
          nicolae_shop_competitors_out_of_business, hangedman_corner_corridor,
          minmay_elf_annihilation
Depths:1: minmay_mutant_horseshoe, hellmouth_1, minmay_misc_feat_roman,
          tgw_lugonu_bribe
Ossuary:  ossuary_minmay_tomb_2a

Skill      XL: |  1  2  3  4  5  6  7  8  9 10 11 12 13 14 15 16 17 18 |
---------------+-------------------------------------------------------+-----
Polearms       | 2 3 4 5 6 7 8 9 |  9.2
Fighting       | 3 4 5 6 7 9 10 11 12 13 14 15 16 17 | 17.5
Armour         | 3 4 5 6 8 10 12 13 15 16 17 | 17.7
Dodging        | 2 5 7 8 9 10 | 10.0
Shields        | 4 6 9 |  9.0

Action                   |  1- 3 |  4- 6 |  7- 9 | 10-12 | 13-15 | 16-18 | 19-21 || total
-------------------------+-------+-------+-------+-------+-------+-------+-------++-------
Melee: Trident           |   113 |   200 |   178 |       |       |  1367 |    35 ||  1893
       Bite              |    20 |    46 |   140 |   443 |   816 |  1244 |    11 ||  2720
       Dagger            |       |       |   207 |   938 |   404 |   481 |       ||  2030
       Scimitar          |       |       |       |    11 |   851 |   320 |       ||  1182
Invok: Call Merchant     |       |       |       |       |       |     4 |       ||     4
 Abil: Blink             |       |       |       |     1 |       |       |       ||     1
Evoke: Wand              |       |       |       |    37 |    28 |       |     2 ||    67
       Lightning rod     |       |       |       |     2 |     6 |     3 |     3 ||    14
  Use: Scroll            |       |     8 |     3 |    20 |     6 |    15 |       ||    52
       Potion            |       |       |     5 |     6 |     5 |     7 |       ||    23
 Stab: Distracted        |       |       |       |     3 |     4 |    17 |       ||    24
       Paralysed         |       |       |       |     1 |    20 |       |       ||    21
       Confused          |       |       |       |       |       |     2 |       ||     2
       Invisible         |       |       |       |       |       |     1 |       ||     1
  Eat: Chunk             |     1 |     6 |    12 |     4 |       |       |       ||    23
       Ration            |       |       |       |     9 |     7 |    14 |       ||    30
Armor: Scale mail        |    48 |    44 |       |       |       |       |       ||    92
       Ring mail         |       |    40 |   130 |       |       |       |       ||   170
       Plate armour      |       |       |       |   715 |  1046 |  1901 |    14 ||  3676
       Robe              |       |       |       |    36 |       |       |       ||    36
       Skin              |       |       |       |       |     4 |       |       ||     4
Dodge: Dodged            |    21 |    53 |   111 |   323 |   627 |  1298 |    11 ||  2444
Block: Shield            |    47 |    71 |    61 |       |       |       |       ||   179
       Buckler           |       |       |    60 |   339 |   469 |   460 |       ||  1328
       Large shield      |       |       |       |       |       |  1237 |    21 ||  1258
       Rpst.: Scimitar   |       |       |       |     3 |   141 |    64 |       ||   208

Table legend:
 A = Spawn XP
 B = Non-spawn XP
 C = Spawn XP percentage of total XP
 D = Spawn monster count
 E = Non-spawn monster count
 F = Spawn count percentage of total count
 G = Total turns spent on level
                    A         B        C        D         E        F      G
               +---------+---------+-------+---------+---------+-------+---------
         Total |       0 |  318823 |   0.0 |       0 |    1028 |   0.0 | 35939
               +---------+---------+-------+---------+---------+-------+---------
           D:1 |       0 |      63 |   0.0 |       0 |      32 |   0.0 |  1149
           D:2 |       0 |     158 |   0.0 |       0 |      28 |   0.0 |  1095
           D:3 |       0 |     300 |   0.0 |       0 |      26 |   0.0 |   777
           D:4 |       0 |     443 |   0.0 |       0 |      13 |   0.0 |  1031
           D:5 |       0 |     475 |   0.0 |       0 |      10 |   0.0 |  1062
           D:6 |       0 |     961 |   0.0 |       0 |      24 |   0.0 |   729
           D:7 |       0 |     438 |   0.0 |       0 |      11 |   0.0 |   977
           D:8 |       0 |    1851 |   0.0 |       0 |      16 |   0.0 |   679
           D:9 |       0 |    1711 |   0.0 |       0 |      22 |   0.0 |   690
          D:10 |       0 |    2991 |   0.0 |       0 |      26 |   0.0 |  1293
          D:11 |       0 |    9631 |   0.0 |       0 |      52 |   0.0 |  1322
          D:12 |       0 |    7111 |   0.0 |       0 |      34 |   0.0 |  1035
          D:13 |       0 |   14689 |   0.0 |       0 |      32 |   0.0 |   933
          D:14 |       0 |   21114 |   0.0 |       0 |      48 |   0.0 |  1455
          D:15 |       0 |   31220 |   0.0 |       0 |      50 |   0.0 |  1523
        Lair:1 |       0 |    3243 |   0.0 |       0 |      17 |   0.0 |  1955
        Lair:2 |       0 |    1439 |   0.0 |       0 |      10 |   0.0 |   910
        Lair:3 |       0 |    4452 |   0.0 |       0 |      13 |   0.0 |  2560
        Lair:4 |       0 |   10340 |   0.0 |       0 |      31 |   0.0 |  1825
        Lair:5 |       0 |    6198 |   0.0 |       0 |      20 |   0.0 |   672
        Lair:6 |       0 |   26984 |   0.0 |       0 |      91 |   0.0 |  1219
       Swamp:1 |       0 |   22379 |   0.0 |       0 |      34 |   0.0 |  1399
       Swamp:2 |       0 |   14722 |   0.0 |       0 |      39 |   0.0 |   921
       Swamp:3 |       0 |   15540 |   0.0 |       0 |      27 |   0.0 |   926
       Swamp:4 |       0 |   26525 |   0.0 |       0 |      53 |   0.0 |  1266
      Spider:1 |       0 |   27349 |   0.0 |       0 |      62 |   0.0 |  1436
      Spider:2 |       0 |   10094 |   0.0 |       0 |      24 |   0.0 |   843
      Spider:3 |       0 |   17041 |   0.0 |       0 |      50 |   0.0 |  1031
         Orc:1 |       0 |    6476 |   0.0 |       0 |      31 |   0.0 |   340
         Orc:2 |       0 |   11742 |   0.0 |       0 |      47 |   0.0 |   897
         Elf:1 |       0 |    2453 |   0.0 |       0 |       6 |   0.0 |   147
      Depths:1 |       0 |   18278 |   0.0 |       0 |      33 |   0.0 |  1246
       Ossuary |       0 |     412 |   0.0 |       0 |      16 |   0.0 |   387
               +---------+---------+-------+---------+---------+-------+---------
